[Event "Titled Tuesday Blitz October 04 Late 2022"]
[White "miragha_yev"]
[Black "Krishnan, Varun"]
[BlackFideId "5054508"]
[WhiteElo "2779"]
[BlackElo "2577"]
[Result "1-0"]
[Round "05"]
[TimeControl "180+1"]
[Date "2022.10.04"]
[WhiteClock "0:00:55"]
[BlackClock "0:00:05"]

1. Nf3 d5 2. g3 g6 3. Bg2 Bg7 4. O-O e5 5. c4 c6 6. cxd5 cxd5 7. d4 e4 8. Ne5 Ne7 9. Nc3 O-O 10. f3 exf3 11. Nxf3 Nbc6 12. Bg5 Be6 13. Qd2 Re8 14. Rae1 Qb6 15. e3 Nf5 16. g4 Nd6 17. Ne5 Nxe5 18. dxe5 Nc4 19. Qd4 Bxe5 20. Qxb6 Nxb6 21. h3 Bxc3 22. bxc3 Rac8 23. Bf6 Nd7 24. Bd4 Nc5 25. Rb1 b6 26. Rb4 Ne4 27. Bxe4 dxe4 28. a4 Rc4 29. Ra1 Rec8 30. a5 Rxb4 31. cxb4 h5 32. axb6 axb6 33. gxh5 gxh5 34. h4 b5 35. Kf2 Kh7 36. Rg1 Bg4 37. Kg3 Kg6 38. Ra1 Rd8 39. Ra5 Rd5 40. Ra6+ Be6 41. Kf4 Rf5+ 42. Kxe4 Rf1 43. Rb6 Rh1 44. Rxb5 Rxh4+ 45. Ke5 Rg4 46. Kd6 h4 47. Rb8 h3 48. Rh8 Rg2 49. b5 Rg1 50. b6 Rb1 51. Kc7 Kg5 52. b7 Kg4 53. b8=Q Rxb8 54. Kxb8 Kf3 55. Kc7 Kg2 56. Be5 Kf2 57. Bf4 Kf3 58. Kd6 Ke4 59. Ke7 Bd5 60. Rxh3 1-0


[Site "https://www.chess.com"]

[Event "Titled Tuesday Blitz October 04 Late 2022"]
[White "Amburgy, Ryan"]
[Black "Vazquez, Guillermo"]
[WhiteFideId "30924820"]
[BlackFideId "3702308"]
[WhiteElo "2121"]
[BlackElo "2543"]
[Result "0-1"]
[Round "06"]
[TimeControl "180+1"]
[Date "2022.10.04"]
[WhiteClock "0:00:44"]
[BlackClock "0:00:31"]

1. Nf3 d5 2. e3 Nf6 3. c4 e6 4. Nc3 dxc4 5. Bxc4 a6 6. d4 b5 7. Bb3 Bb7 8. a4 b4 9. Ne2 c5 10. dxc5 Nbd7 11. c6 Bxc6 12. Ned4 Bb7 13. O-O Nc5 14. Bc4 Bd6 15. b3 O-O 16. Bb2 Qc7 17. Rc1 Rad8 18. Qe2 Qb8 19. h3 Nfe4 20. Rfd1 Qa8 21. Nc2 a5 22. Ncd4 Be7 23. Nb5 Bf6 24. Bxf6 Nxf6 25. Nd6 Qb8 26. Nxb7 Qxb7 27. Nd4 Qb6 28. Nb5 g6 29. Rxd8 Rxd8 30. Rd1 Kg7 31. Qf3 Nfe4 32. Rxd8 Qxd8 33. Qf4 Qd1+ 34. Kh2 Qa1 35. Nd4 h5 36. Qe5+ Kg8 37. f3 Nf2 38. Qxc5 h4 39. Qc8+ Kh7 0-1


[Site "https://www.chess.com"]

[Event "Titled Tuesday Blitz October 04 Late 2022"]
[White "Barria Zuniga, Daniel"]
[Black "Bartel, Mateusz"]
[WhiteFideId "3400816"]
[BlackFideId "1112635"]
[WhiteElo "2414"]
[BlackElo "2530"]
[Result "1-0"]
[Round "06"]
[TimeControl "180+1"]
[Date "2022.10.04"]
[WhiteClock "0:00:05"]
[BlackClock "0:00:01"]

1. d4 Nf6 2. c4 g6 3. Nc3 Bg7 4. e4 d6 5. Be2 O-O 6. Nf3 e5 7. d5 Na6 8. Be3 Ng4 9. Bg5 f6 10. Bh4 Nc5 11. b4 Nd7 12. Nd2 Nh6 13. O-O g5 14. Bg3 f5 15. f3 Nf6 16. c5 f4 17. Bf2 g4 18. Nc4 Rf7 19. a4 Bf8 20. cxd6 cxd6 21. a5 Rg7 22. Bh4 gxf3 23. Bxf3 Nf7 24. Kh1 Ng5 25. Qe2 h6 26. Rfc1 Bd7 27. Bf2 Qe8 28. a6 b5 29. Na5 Qg6 30. Nc6 Nxf3 31. Qxf3 Bg4 32. Qd3 f3 33. Rg1 Qh5 34. Rae1 fxg2+ 35. Rxg2 Bf3 36. Rg1 Qh3 37. Qf1 Ng4 38. Bg3 Bxg2+ 39. Qxg2 Qxg2+ 40. Kxg2 Ne3+ 41. Kf3 Nc2 42. Nxb5 Kh7 43. Rg2 Nd4+ 44. Ncxd4 exd4 45. Nxd4 Be7 46. Nf5 Rf7 47. Bf4 Bf8 48. Rc2 Rb8 49. Rc4 Rb6 50. Ke3 Rxa6 51. Kd3 Ra3+ 52. Rc3 Rxc3+ 53. Kxc3 Rf6 54. Kc4 Kg6 55. Kb5 Kh5 56. Kc6 Kg4 57. Bxd6 Kf3 58. e5 Rxf5 59. Bxf8 Rxf8 60. d6 Ke4 61. e6 Ke5 62. e7 Rb8 63. Kd7 1-0


[Site "https://www.chess.com"]

[Event "Titled Tuesday Blitz October 04 Late 2022"]
[White "Bazeev, German"]
[Black "Ballester Llagaria, Luis Eduardo"]
[WhiteFideId "24119350"]
[BlackFideId "2297620"]
[WhiteElo "2493"]
[BlackElo "2344"]
[Result "1/2-1/2"]
[Round "06"]
[TimeControl "180+1"]
[Date "2022.10.04"]
[WhiteClock "0:00:16"]
[BlackClock "0:00:09"]

1. c4 e5 2. Nc3 Nc6 3. Nf3 f5 4. d4 e4 5. Ng5 Nf6 6. Nh3 Bb4 7. e3 O-O 8. Qb3 a5 9. Bd2 d6 10. a3 a4 11. Qc2 Bxc3 12. Bxc3 Bd7 13. Be2 Na5 14. Nf4 Nb3 15. Rd1 c6 16. h4 Qe7 17. g3 Be8 18. h5 Bf7 19. h6 g5 20. Nh3 Nd7 21. Ng1 f4 22. gxf4 gxf4 23. exf4 Bg6 24. Bh5 Qf7 25. Bxg6 Qxg6 26. Ne2 Kf7 27. Ng3 d5 28. f5 Qg5 29. cxd5 cxd5 30. Qe2 Nf6 31. Bd2 Qg4 32. Qxg4 Nxg4 33. Bc3 Rac8 34. Ke2 Rg8 35. Nh5 Nf6 36. Ng7 b6 37. Rdg1 Ne8 38. Ne6 Nd6 39. Rg7+ Kf6 40. Rxh7 Nxf5 41. Nf4 Rcd8 42. Rb7 Rd6 43. h7 Rh8 44. Kd1 Rdd8 45. Rxb6+ Kf7 46. Ng6 Kg7 47. Nxh8 Rxh8 48. Rb7+ Kg6 49. Rb6+ Kg7 50. Rb5 Ne7 51. Rb7 Kf6 52. Rxe7 Kxe7 53. Ke2 Kf7 54. f3 Kg6 55. fxe4 dxe4 56. d5 Rxh7 57. Rxh7 Kxh7 58. Ke3 Kg6 59. Kxe4 Kf7 60. Kd3 Ke7 61. Kc4 Kd6 62. Bb4+ Kd7 63. Bf8 Nc1 64. Bg7 Ne2 65. Kb4 Nf4 66. Kxa4 Nxd5 67. Bc3 Kc6 68. Kb3 Kb5 69. Bd2 Kc6 70. a4 Nb6 71. Ka3 Nc4+ 72. Kb4 Nxd2 73. a5 Kb7 74. a6+ Kxa6 75. Kc5 Ka5 76. b3 Ka6 77. b4 Kb7 78. b5 Nb3+ 79. Kd6 Nd4 80. Kd5 Nxb5 1/2-1/2


[Site "https://www.chess.com"]

[Event "Titled Tuesday Blitz October 04 Late 2022"]
[White "Bluebaum, Matthias"]
[Black "Indjic, Aleksandar"]
[WhiteFideId "24651516"]
[BlackFideId "911925"]
[WhiteElo "2633"]
[BlackElo "2592"]
[Result "1-0"]
[Round "06"]
[TimeControl "180+1"]
[Date "2022.10.04"]
[WhiteClock "0:01:49"]
[BlackClock "0:01:08"]

1. d4 Nf6 2. c4 e6 3. Nc3 d5 4. cxd5 Nxd5 5. e4 Nxc3 6. bxc3 c5 7. Rb1 Be7 8. Bc4 O-O 9. Ne2 Nd7 10. O-O Qc7 11. Bf4 e5 12. dxe5 Nxe5 13. Bd5 Rb8 14. c4 Kh8 15. Bg3 f6 16. Nf4 Bg4 17. Qxg4 Nxg4 18. Ng6+ hxg6 19. Bxc7 b6 20. Bxb8 Rxb8 21. Rbd1 g5 22. g3 b5 23. cxb5 Rxb5 24. Rb1 Rb4 25. Rxb4 cxb4 26. Rc1 a5 27. Rc7 Bd6 28. Rc6 Be7 29. Bb3 Ne5 30. Ra6 g4 31. Rxa5 Kh7 32. Kg2 Kh6 33. h3 gxh3+ 34. Kxh3 Bd8 35. Rb5 Be7 36. Kg2 Nd3 37. f4 g5 38. Kf3 gxf4 39. gxf4 Nc5 40. Rxb4 1-0


[Site "https://www.chess.com"]

[Event "Titled Tuesday Blitz October 04 Late 2022"]
[White "Bortnyk, Mykola"]
[Black "Makarian, Rudik"]
[WhiteFideId "14120836"]
[BlackFideId "44105681"]
[WhiteElo "2582"]
[BlackElo "2405"]
[Result "1-0"]
[Round "06"]
[TimeControl "180+1"]
[Date "2022.10.04"]
[WhiteClock "0:00:09"]
[BlackClock "0:00:02"]

1. e4 e5 2. Nf3 Nc6 3. Bb5 a6 4. Ba4 Bc5 5. O-O d6 6. c3 Bg4 7. d4 Bxf3 8. gxf3 b5 9. dxc5 bxa4 10. cxd6 cxd6 11. Qxa4 Ne7 12. Rd1 O-O 13. Nd2 Qd7 14. Kg2 f5 15. exf5 Rxf5 16. Ne4 Rh5 17. Ng3 Qh3+ 18. Kg1 Qxh2+ 19. Kf1 Rh3 20. Qg4 Rf8 21. Ke2 e4 22. Rh1 exf3+ 23. Ke1 Qxg3 24. Qxh3 Qe5+ 25. Be3 h6 26. Rd1 Nd5 27. Kd2 Nxe3 28. fxe3 Qd5+ 29. Kc2 Qxa2 30. Rxd6 Qa4+ 31. Kb1 Qe4+ 32. Kc1 Ne5 33. Qe6+ Kh8 34. Qd5 Qxe3+ 35. Qd2 Qe4 36. Rd8 1-0


[Site "https://www.chess.com"]

[Event "Titled Tuesday Blitz October 04 Late 2022"]
[White "Bortnyk, Olexandr"]
[Black "Melkumyan, Hrant"]
[WhiteFideId "14120828"]
[BlackFideId "13302485"]
[WhiteElo "2723"]
[BlackElo "2604"]
[Result "0-1"]
[Round "06"]
[TimeControl "180+1"]
[Date "2022.10.04"]
[WhiteClock "0:00:11"]
[BlackClock "0:00:09"]

1. e4 c6 2. c4 d5 3. cxd5 cxd5 4. exd5 Nf6 5. Qa4+ Nbd7 6. Nc3 g6 7. Bc4 Bg7 8. d3 O-O 9. Nf3 a6 10. Qa3 b6 11. O-O Bb7 12. Re1 b5 13. Bb3 Nb6 14. Qxe7 Bxd5 15. Qxd8 Raxd8 16. Be3 Nc8 17. Bc5 Bxf3 18. Bxf8 Kxf8 19. gxf3 Nd7 20. d4 Nd6 21. Rad1 Nf5 22. Ne2 Nh4 23. Kh1 Nxf3 24. Rf1 Nb6 25. Rd3 Ne5 26. Rh3 Nec4 27. Bxc4 Nxc4 28. b3 Nd2 29. Rd1 Ne4 30. Kg2 Nf6 31. Rc1 Re8 32. Re3 Ra8 33. Rec3 Ne8 34. Rc8 Ra7 35. Nf4 Bxd4 36. Nd5 Rd7 37. Nc7 Re7 38. Nxe8 Rxe8 39. Rxe8+ Kxe8 40. Rc8+ Kd7 41. Ra8 b4 42. Rxa6 Bc5 43. Ra8 Bd6 44. h3 Ke6 45. Ra5 h5 46. f3 Kf6 47. Rb5 Ke6 48. Kf1 Kf6 49. Ke2 Ke6 50. Kd3 f5 51. Ra5 g5 52. Ra8 g4 53. fxg4 hxg4 54. hxg4 fxg4 55. Ke4 g3 56. Rg8 Kf6 57. Rg4 Bb8 58. Kd5 Kf5 59. Rg8 Bf4 60. Rf8+ Kg4 61. Ke4 Bg5 62. Rf1 g2 63. Rd1 Kg3 64. Kd3 Kh2 65. Kc4 Be7 0-1


[Site "https://www.chess.com"]

[Event "Titled Tuesday Blitz October 04 Late 2022"]
[White "Bryakin, Mikhail"]
[Black "Rastbod, Ali"]
[WhiteFideId "4165314"]
[BlackFideId "12567477"]
[WhiteElo "2367"]
[BlackElo "2248"]
[Result "1-0"]
[Round "06"]
[TimeControl "180+1"]
[Date "2022.10.04"]
[WhiteClock "0:01:03"]
[BlackClock "0:00:02"]

1. d4 d5 2. c4 e6 3. Nf3 a6 4. cxd5 exd5 5. Bg5 Be7 6. Bxe7 Nxe7 7. Nc3 O-O 8. e3 Bf5 9. Be2 Nd7 10. O-O Nf6 11. Rc1 Qd6 12. Ne5 Ng6 13. f4 c6 14. Bf3 Rfe8 15. g4 Bc8 16. g5 Nd7 17. Qd2 Ndf8 18. Rf2 Bf5 19. Re1 Qe6 20. Na4 f6 21. Nc5 Qc8 22. gxf6 gxf6 23. Nxg6 hxg6 24. Rg2 Kh7 25. Qf2 b6 26. Qh4+ Kg7 27. Na4 Rb8 28. Nc3 Nh7 29. e4 dxe4 30. Nxe4 Qc7 31. Rge2 Bxe4 32. Bxe4 Qd6 33. Bxg6 Qxd4+ 34. Kf1 Kxg6 35. Rxe8 Rxe8 36. Qg4+ Ng5 37. Rxe8 Qd3+ 38. Re2 Qd1+ 39. Kf2 Qd4+ 40. Re3 Qxb2+ 41. Qe2 Qxe2+ 42. Rxe2 Nf7 43. Re6 Kf5 44. Rxc6 a5 45. Rxb6 Nh6 46. Kf3 1-0


[Site "https://www.chess.com"]

[Event "Titled Tuesday Blitz October 04 Late 2022"]
[White "Erdogdu, Mert"]
[Black "Turayev, Shahruh"]
[WhiteFideId "6301495"]
[BlackFideId "14003856"]
[WhiteElo "2413"]
[BlackElo "2602"]
[Result "0-1"]
[Round "06"]
[TimeControl "180+1"]
[Date "2022.10.04"]
[WhiteClock "0:00:03"]
[BlackClock "0:00:02"]

1. e4 e5 2. Nf3 Nc6 3. Bc4 f5 4. d3 Nf6 5. Nc3 Bb4 6. O-O Bxc3 7. bxc3 d6 8. Qe2 Na5 9. Bb3 Nxb3 10. axb3 O-O 11. Nd2 f4 12. f3 Qe8 13. d4 g5 14. Nc4 g4 15. dxe5 dxe5 16. Ra5 b5 17. Na3 c6 18. c4 b4 19. Nb1 Qd8 20. Ra2 a5 21. Bb2 Re8 22. c3 c5 23. cxb4 cxb4 24. Rd1 Qc7 25. Ba1 Kf7 26. Rad2 Ra6 27. Qf2 Rg8 28. Kh1 g3 29. Qg1 gxh2 30. Qf2 Nh5 31. Qh4 Ng3+ 32. Kxh2 Rgg6 33. Qxh7+ Rg7 34. Qh8 Rg8 35. Qxe5 Rh6+ 36. Kg1 Rh1+ 37. Kf2 Qxe5 38. Bxe5 Rh2 39. Rg1 Nh1+ 40. Kf1 Ng3+ 41. Ke1 Nh5 42. Rd5 Rhxg2 43. Rxg2 Rxg2 44. Nd2 Ng3 45. Bxf4 Ne2 46. Bc7 Nc3 47. Rd8 Bh3 48. Nb1 Re2# 0-1


[Site "https://www.chess.com"]

[Event "Titled Tuesday Blitz October 04 Late 2022"]
[White "Goltsev, Dmitry"]
[Black "Kravtsiv, Martyn"]
[WhiteFideId "24176710"]
[BlackFideId "14113147"]
[WhiteElo "2257"]
[BlackElo "2694"]
[Result "0-1"]
[Round "06"]
[TimeControl "180+1"]
[Date "2022.10.04"]
[WhiteClock "0:00:29"]
[BlackClock "0:01:01"]

1. e4 e5 2. Nf3 Nc6 3. Bb5 a6 4. Ba4 Nf6 5. O-O Be7 6. Re1 b5 7. Bb3 O-O 8. c3 d5 9. d3 dxe4 10. dxe4 Qxd1 11. Rxd1 Bg4 12. h3 Bxf3 13. gxf3 Rad8 14. Be3 Na5 15. Nd2 Rd7 16. Nf1 Rfd8 17. Rxd7 Rxd7 18. Rd1 Nxb3 19. Rxd7 Nxd7 20. axb3 a5 21. Ng3 g6 22. Ne2 c6 23. Nc1 f5 24. Nd3 Kf7 25. Kf1 Ke6 26. Ke2 c5 27. c4 bxc4 28. bxc4 a4 29. Nc1 Nb8 30. Na2 Nc6 31. Nc3 f4 32. Bd2 Nd4+ 33. Kd3 Nxf3 34. Nxa4 Ng1 35. b4 cxb4 36. c5 Nxh3 37. f3 b3 38. c6 Bd6 39. Ba5 Ng5 40. Ke2 Nf7 41. Kd3 h5 42. Be1 Nd8 43. c7 Bxc7 44. Nc5+ Kf7 45. Nxb3 Ne6 46. Nd2 Ba5 47. Kc4 Bxd2 48. Bxd2 h4 0-1


[Site "https://www.chess.com"]

[Event "Titled Tuesday Blitz October 04 Late 2022"]
[White "Gubajdullin, Alexei"]
[Black "Kozak, Adam"]
[WhiteFideId "4141202"]
[BlackFideId "753246"]
[WhiteElo "2200"]
[BlackElo "2459"]
[Result "1-0"]
[Round "06"]
[TimeControl "180+1"]
[Date "2022.10.04"]
[WhiteClock "0:00:10"]
[BlackClock "0:00:02"]

1. d4 Nf6 2. Nf3 d5 3. Bf4 e6 4. e3 Bd6 5. Ne5 c5 6. c3 Qc7 7. Nd2 Nbd7 8. Bb5 O-O 9. Nxd7 Nxd7 10. Bxd6 Qxd6 11. O-O Qb6 12. a4 a6 13. Bxd7 Bxd7 14. Nb3 cxd4 15. exd4 Bc6 16. a5 Qc7 17. Re1 Rae8 18. Qh5 Qf4 19. Qe5 Qg4 20. Nc5 f6 21. Qg3 Qf5 22. Qd3 Qxd3 23. Nxd3 Kf7 24. f4 Re7 25. Kf2 Rfe8 26. g3 h6 27. h4 h5 28. Re3 Kg6 29. Rae1 Kf5 30. Nc5 Bb5 31. Kf3 Bc6 32. Kf2 Bb5 33. Kf3 Bc4 34. Kf2 g6 35. Rd1 Bb5 36. Rd2 Bc6 37. Re1 e5 38. dxe5 fxe5 39. Rxe5+ Rxe5 40. fxe5 Rxe5 41. Re2 Bb5 42. Rxe5+ Kxe5 43. Nxb7 d4 44. Nc5 Kd5 45. cxd4 Kxd4 46. Ne6+ Ke5 47. Nc7 Bd3 48. Ke3 Bf1 49. b4 Kd6 50. Ne8+ Ke5 51. Nc7 Kd6 52. Na8 Ke5 53. Nb6 Bb5 54. Nc8 Bc4 55. Ne7 Bb5 56. Nxg6+ Kf5 57. Nf4 Kg4 58. Kf2 Bc4 59. Ng6 Bb5 60. Ne5+ Kf5 61. Nf7 Kf6 62. Nd6 Bd3 63. Ke3 Bf1 64. Kd4 Ke6 65. Kc5 Be2 66. b5 axb5 67. Nxb5 Ke5 68. Kb6 Bf3 69. a6 Bh1 70. a7 Kf5 71. Nd6+ Kg4 72. Nb7 1-0


[Site "https://www.chess.com"]

[Event "Titled Tuesday Blitz October 04 Late 2022"]
[White "Hambleton, Aman"]
[Black "Svane, Rasmus"]
[WhiteFideId "2606577"]
[BlackFideId "4657101"]
[WhiteElo "2538"]
[BlackElo "2674"]
[Result "0-1"]
[Round "06"]
[TimeControl "180+1"]
[Date "2022.10.04"]
[WhiteClock "0:00:03"]
[BlackClock "0:00:09"]

1. d4 Nf6 2. Bf4 d5 3. e3 e6 4. Nd2 Bd6 5. Ngf3 O-O 6. Bd3 Bxf4 7. exf4 Qd6 8. g3 c5 9. dxc5 Qxc5 10. O-O b6 11. Nb3 Qc7 12. Qe2 a5 13. Nbd4 Ba6 14. Rac1 Rc8 15. Bxa6 Nxa6 16. Ne5 Nc5 17. c4 Qb7 18. cxd5 Qxd5 19. Nb5 Qxa2 20. Nd6 Rf8 21. Rc3 Rad8 22. Rd1 Nd5 23. Ra3 Qxa3 24. bxa3 Rxd6 25. Nc4 Nc3 26. Qe5 Rxd1+ 27. Kg2 Nd5 28. f5 exf5 29. Qxf5 g6 30. Qg4 h5 31. Qxd1 Nc3 32. Qc2 N3e4 33. Nxb6 Rd8 34. Nc4 Rd3 35. Qc1 Rc3 36. Qf4 Rxc4 37. Qb8+ Kg7 38. Qe5+ Nf6 39. Qb2 Nd3 40. Qd2 Rd4 41. Qe3 Rd5 42. h3 Ne5 43. Qe1 Nc4 44. Qc3 Nd6 45. f3 Nf5 46. g4 hxg4 47. hxg4 Nd6 48. f4 Ne4 49. Qb2 Rd2+ 50. Qxd2 Nxd2 51. g5 Nd5 52. Kg3 Nc4 53. a4 Ncb6 54. f5 gxf5 0-1


[Site "https://www.chess.com"]

[Event "Titled Tuesday Blitz October 04 Late 2022"]
[White "Holt, Conrad"]
[Black "Weetik, Vjacheslav"]
[WhiteFideId "2034387"]
[BlackFideId "4153472"]
[WhiteElo "2592"]
[BlackElo "2469"]
[Result "1-0"]
[Round "06"]
[TimeControl "180+1"]
[Date "2022.10.04"]
[WhiteClock "0:01:09"]
[BlackClock "0:00:02"]

1. d4 Nf6 2. c4 g6 3. Nc3 Bg7 4. e4 d6 5. Nf3 O-O 6. h3 e5 7. dxe5 dxe5 8. Qxd8 Rxd8 9. Bg5 Re8 10. Nd5 Nxd5 11. cxd5 c6 12. Bc4 cxd5 13. Bxd5 Nd7 14. Nd2 h6 15. Be3 Nf6 16. Bc4 Bd7 17. Ke2 Bc6 18. Bd3 Nh5 19. g3 f5 20. exf5 Bxh1 21. Rxh1 e4 22. Bc4+ Kh7 23. Bf7 Rf8 24. Bxg6+ Kh8 25. Bxh5 Rxf5 26. Bg6 Ra5 27. Bxe4 Rxa2 28. Nc4 Rc8 29. Bb1 Ra4 30. Nd6 Rf8 31. b3 Rb4 32. Bc2 a5 33. Bc5 Bc3 34. Bxb4 Bxb4 35. Ne4 1-0


[Site "https://www.chess.com"]

[Event "Titled Tuesday Blitz October 04 Late 2022"]
[White "Ivanisevic, Ivan"]
[Black "Melikyan, Gnel"]
[WhiteFideId "912417"]
[BlackFideId "54109990"]
[WhiteElo "2582"]
[BlackElo "2138"]
[Result "1-0"]
[Round "06"]
[TimeControl "180+1"]
[Date "2022.10.04"]
[WhiteClock "0:00:16"]
[BlackClock "0:00:02"]

1. d4 Nf6 2. c4 d6 3. Nc3 e5 4. Nf3 Nc6 5. g3 Be7 6. Bg2 O-O 7. O-O Re8 8. h3 Bf8 9. b3 g6 10. Bb2 Bg7 11. dxe5 Nxe5 12. Nxe5 Rxe5 13. Nd5 Re8 14. Qd2 Rb8 15. Rad1 Nxd5 16. cxd5 b6 17. Rfe1 Ba6 18. Rc1 Rc8 19. Bxg7 Kxg7 20. Rc3 Qf6 21. e4 Re7 22. f4 Kg8 23. Rec1 Bb5 24. Kh2 h6 25. a4 Be8 26. h4 Kg7 27. Re1 Bd7 28. Rce3 Bg4 29. e5 dxe5 30. fxe5 Qf5 31. Qd4 Kh7 32. Rf1 Qd7 33. Rf6 Bf5 34. Qf4 Rce8 35. h5 Kg7 36. g4 Bxg4 37. e6 Bxe6 38. dxe6 Rxe6 39. Rexe6 Rxe6 40. Rxe6 Qxe6 41. Qxc7 Qxb3 42. Qe5+ Kg8 43. hxg6 Qe6 44. gxf7+ Kf8 45. Qxe6 1-0


[Site "https://www.chess.com"]

[Event "Titled Tuesday Blitz October 04 Late 2022"]
[White "Jaracz, Pawel"]
[Black "Pichot, Alan"]
[WhiteFideId "1102222"]
[BlackFideId "110973"]
[WhiteElo "2459"]
[BlackElo "2578"]
[Result "0-1"]
[Round "06"]
[TimeControl "180+1"]
[Date "2022.10.04"]
[WhiteClock "0:00:01"]
[BlackClock "0:00:08"]

1. e4 c6 2. d4 d5 3. e5 Bf5 4. Nf3 e6 5. Be2 Ne7 6. O-O h6 7. c3 Nd7 8. Na3 Bh7 9. Nc2 g5 10. Ne3 Bg7 11. Bd3 O-O 12. Bxh7+ Kxh7 13. h4 gxh4 14. Nxh4 Ng6 15. Nf3 f5 16. exf6 Nxf6 17. Nd2 Qd6 18. Qc2 Rae8 19. g3 e5 20. Nf5 Qd7 21. dxe5 Rxe5 22. Nxg7 Kxg7 23. Qd3 Qh3 24. Qf3 Ng4 25. Qg2 Qxg2+ 26. Kxg2 Re2 27. Nf3 h5 28. Bg5 Rxb2 29. Rab1 Rxb1 30. Rxb1 Rf7 31. Rb2 N4e5 32. Nd4 Nc4 33. Re2 Nd6 34. f3 Nf5 35. Ne6+ Kg8 36. Nd8 Rd7 37. Re8+ Kg7 38. Re5 Nd6 39. Re2 Nf7 40. Ne6+ Kg8 41. Bf6 Rd6 42. f4 Nf8 43. f5 Nh7 44. Be7 Rd7 45. f6 Nhg5 46. Nc5 Rc7 47. g4 h4 48. Re1 Kh7 49. Nd3 Rd7 50. Nf4 d4 51. Rd1 d3 52. Rxd3 Rxd3 53. Nxd3 Ne4 54. c4 Kg6 55. c5 Kg5 56. Kf3 Nc3 57. Nf2 Nxa2 58. Ne4+ Kg6 59. Nd6 Nb4 60. Nxb7 Nd5 61. Nd6 Nxf6 62. Nf5 Ne5+ 63. Kf4 h3 64. Kg3 Nfxg4 65. Kxh3 Kxf5 0-1


[Site "https://www.chess.com"]

[Event "Titled Tuesday Blitz October 04 Late 2022"]
[White "Jobava, Baadur"]
[Black "Mortazavi, Ali"]
[WhiteFideId "13601520"]
[BlackFideId "401323"]
[WhiteElo "2582"]
[BlackElo "2339"]
[Result "1-0"]
[Round "06"]
[TimeControl "180+1"]
[Date "2022.10.04"]
[WhiteClock "0:01:30"]
[BlackClock "0:00:15"]

1. d4 g6 2. h4 h5 3. e4 Bg7 4. Nf3 d6 5. Ng5 Nf6 6. Bc4 O-O 7. O-O d5 8. exd5 Nxd5 9. Nc3 Nb6 10. Bb3 Nc6 11. d5 Ne5 12. Re1 Bg4 13. f3 Bf5 14. Qe2 Qd6 15. Kh1 Qb4 16. Nge4 Rad8 17. a3 Qa5 18. Bg5 Rfe8 19. Rad1 Rd7 20. Bf4 c5 21. Ng3 c4 22. Nxf5 gxf5 23. Bxe5 cxb3 24. cxb3 f6 25. b4 Qa6 26. b5 Qa5 27. Bd4 Rd6 28. Bc5 Rdd8 29. Bb4 1-0


[Site "https://www.chess.com"]

[Event "Titled Tuesday Blitz October 04 Late 2022"]
[White "Kamsky, Gata"]
[Black "Lazavik, Denis"]
[WhiteFideId "2000024"]
[BlackFideId "13515110"]
[WhiteElo "2666"]
[BlackElo "2437"]
[Result "1-0"]
[Round "06"]
[TimeControl "180+1"]
[Date "2022.10.04"]
[WhiteClock "0:00:20"]
[BlackClock "0:00:05"]

1. d4 d5 2. Bf4 c5 3. e3 cxd4 4. exd4 Nc6 5. Nf3 Bg4 6. c3 e6 7. Nbd2 Bd6 8. Bg3 Nge7 9. Bd3 f6 10. Be2 O-O 11. O-O Qd7 12. Re1 Bxg3 13. hxg3 e5 14. Nxe5 fxe5 15. Bxg4 Qc7 16. dxe5 Nxe5 17. Qe2 Nxg4 18. Qxg4 Nc6 19. Nf3 Rf6 20. Rad1 Rd8 21. Rd2 h6 22. Qh5 Qf7 23. Qxf7+ Rxf7 24. g4 Rfd7 25. g5 hxg5 26. Nxg5 d4 27. cxd4 Nxd4 28. Kf1 Rd5 29. Ne4 Nf5 30. Red1 Rxd2 31. Rxd2 Rc8 32. f3 Kf8 33. Kf2 Ke7 34. g4 Nh6 35. Kg3 Nf7 36. f4 Rc4 37. Kf3 Rc1 38. Re2 Kd7 39. g5 Rf1+ 40. Kg4 g6 41. Nc5+ Kc6 42. Nxb7 Rg1+ 43. Kf3 Rf1+ 44. Kg3 Nxg5 45. Na5+ Kb6 46. Nc4+ Kc5 47. Re5+ Kxc4 48. Rxg5 Rb1 49. b3+ Kb4 50. Kf3 Rf1+ 51. Ke4 Rf2 52. Rxg6 Rxa2 53. Rg3 Re2+ 54. Kd5 Rd2+ 55. Ke6 Re2+ 56. Kf6 a5 57. f5 Rb2 58. Kg6 Rxb3 59. Rxb3+ Kxb3 60. f6 a4 61. f7 a3 62. f8=Q a2 63. Qf6 1-0


[Site "https://www.chess.com"]

[Event "Titled Tuesday Blitz October 04 Late 2022"]
[White "Le, Tuan Minh"]
[Black "Nakamura, Hikaru"]
[WhiteFideId "12401153"]
[BlackFideId "2016192"]
[WhiteElo "2530"]
[BlackElo "2909"]
[Result "1/2-1/2"]
[Round "06"]
[TimeControl "180+1"]
[Date "2022.10.04"]
[WhiteClock "0:00:10"]
[BlackClock "0:00:12"]

1. d4 g6 2. e4 Bg7 3. Nf3 d6 4. Bc4 Nf6 5. Qe2 O-O 6. O-O Bg4 7. e5 dxe5 8. dxe5 Nd5 9. Rd1 e6 10. Nbd2 Nc6 11. h3 Nd4 12. Qe4 Bxf3 13. Nxf3 Nxf3+ 14. Qxf3 c6 15. Qe2 Qc7 16. Re1 b5 17. Bxd5 exd5 18. Bf4 Rfe8 19. Bg3 Qd7 20. Rad1 Re6 21. f4 f6 22. b3 fxe5 23. fxe5 b4 24. Qg4 a5 25. Rd2 Rae8 26. Rde2 c5 27. Qf3 a4 28. Rd1 d4 29. Rde1 Qc6 30. Qxc6 Rxc6 31. e6 c4 32. bxc4 Rxc4 33. Bd6 b3 34. axb3 axb3 35. cxb3 Rc6 36. Bb4 Rb6 37. Bc5 Rxb3 38. Rd1 Rb5 39. Bxd4 Rd5 40. Red2 Bh6 41. Rd3 Rxe6 42. Bc3 Rxd3 43. Rxd3 Bf8 44. Kf2 Kf7 45. Rd7+ Kg8 46. Rd8 Kf7 47. Rd7+ Kg8 48. Rd8 Re4 49. Bd4 Kf7 50. Kf3 Re1 51. Rd7+ Kg8 52. Rd8 Rc1 53. Be3 Rc3 54. Ke2 Kf7 55. Rd7+ Kg8 56. Rd8 Kf7 57. Rb8 Rc7 58. g4 Rd7 59. Bf4 Bg7 60. Kf3 Re7 61. Rb5 Rd7 62. h4 Rd3+ 63. Ke4 Rd4+ 64. Kf3 Rd7 65. h5 gxh5 66. Rxh5 Kg8 67. Rg5 Rf7 68. Kg3 h6 69. Rb5 Ra7 70. Be5 Bf8 71. Bf4 Kf7 72. Rf5+ Kg8 73. Be3 Ra3 74. Rf3 Bd6+ 75. Bf4 Bxf4+ 76. Kxf4 Rxf3+ 77. Kxf3 Kg7 78. Kg3 Kf6 79. Kh4 Kg6 80. Kh3 Kg5 81. Kg3 h5 82. gxh5 Kxh5 1/2-1/2


[Site "https://www.chess.com"]

[Event "Titled Tuesday Blitz October 04 Late 2022"]
[White "Leiva, Gianmarco"]
[Black "Howell, David W L"]
[WhiteFideId "3804399"]
[BlackFideId "410608"]
[WhiteElo "2285"]
[BlackElo "2567"]
[Result "0-1"]
[Round "06"]
[TimeControl "180+1"]
[Date "2022.10.04"]
[WhiteClock "0:00:01"]
[BlackClock "0:00:10"]

1. d4 b6 2. Bf4 Bb7 3. e3 g6 4. Nd2 Bg7 5. a4 a6 6. Ngf3 d6 7. h3 Nd7 8. Be2 h6 9. Bh2 e6 10. O-O Ne7 11. a5 b5 12. c4 bxc4 13. Nxc4 O-O 14. Nfd2 Ra7 15. b4 Qa8 16. Nf3 Rb8 17. Qd2 Be4 18. Ne1 Nc6 19. Ra4 Rab7 20. f3 Bb1 21. Nxd6 cxd6 22. Bxd6 Bf8 23. Bxb8 Ndxb8 24. Qc1 Bf5 25. g4 Nxb4 26. gxf5 exf5 27. Nd3 N8c6 28. Nc5 Re7 29. Re1 h5 30. Bf1 Bh6 31. f4 Qe8 32. Nxa6 Nxa6 33. Bxa6 Bxf4 34. Ra3 Nxd4 35. Qd1 Rxe3 36. Rexe3 Bxe3+ 37. Kf1 Qe4 38. Rxe3 Qh1+ 39. Kf2 Qxd1 0-1


[Site "https://www.chess.com"]

[Event "Titled Tuesday Blitz October 04 Late 2022"]
[White "Martinez Alcantara, Jose Eduardo"]
[Black "Boyer, Mahel"]
[WhiteFideId "3805662"]
[BlackFideId "45102422"]
[WhiteElo "2703"]
[BlackElo "2454"]
[Result "1-0"]
[Round "06"]
[TimeControl "180+1"]
[Date "2022.10.04"]
[WhiteClock "0:02:31"]
[BlackClock "0:02:30"]

1. e4 Nc6 2. Nf3 d5 3. exd5 Qxd5 4. Nc3 Qh5 5. d4 Bg4 6. Bb5 O-O-O 7. Bxc6 bxc6 8. Qe2 Bxf3 9. gxf3 e6 10. Qa6+ Kd7 11. Qd3 Nf6 12. Bf4 Nd5 13. Bg3 Nb4 14. Qe2 Qf5 15. O-O-O Be7 16. a3 Nd5 17. Ne4 Rb8 18. Nc5+ Bxc5 19. dxc5 Kc8 20. Qa6+ Rb7 21. Rd3 Ne7 22. Rb3 Qg5+ 23. Kb1 Qxc5 24. Qxb7+ Kd7 25. Rc3 Nd5 26. Rxc5 1-0


[Site "https://www.chess.com"]